Map: Kairos Junction LE

Players

Meditail - Winner!

  • Race: Zerg Zerg
  • League: Master
  • Spawn Location: 11:00

Mez

  • Race: Terran Terran
  • League: Master
  • Spawn Location: 5:00

VOD

Have the link to the VOD?

Description

Time

  • Played on: Aug. 1, 2019, 2:24 a.m.
  • Length: 9:35
Show
View Real Time Build Order
Export as new Build Order

Meditail Zerg - Winner!

Build Orders: Hatch First, Swarm Host 

Get SALT Encoding   

  12  0:00  Drone  
  13  0:13  Overlord  
  13  0:18  Drone  
  14  0:31  Drone  
  14  0:32  Drone  
  16  0:37  Drone  
  17  0:52  Hatchery  
  16  0:58  Drone  
  16  1:00  Drone  
  18  1:12  Extractor  
  18  1:16  Spawning Pool  
  18  1:18  Drone  
  17  1:20  Drone  
  18  1:29  Drone  
  19  1:39  Overlord  
  19  1:53  Drone  
  20  2:02  Queen  
  20  2:03  Zergling x2  
  20  2:05  Zergling x2  
  20  2:06  Queen  
  26  2:12  Drone  
  26  2:13  Metabolic Boost  
  27  2:18  Drone  
  28  2:23  Drone  
  28  2:28  Extractor  
  28  2:34  Spore Crawler  
  28  2:35  Drone  
  28  2:36  Overlord  
  28  2:42  Drone  
  31  2:48  Drone x2  
  33  2:54  Queen  
  33  2:55  Lair  
  33  2:56  Drone  
  36  3:05  Drone x2  
  38  3:11  Overlord  
  38  3:12  Drone x2  
  40  3:13  Drone  
  40  3:17  Zergling x4  
  40  3:19  Drone  
  44  3:23  Overlord  
  44  3:30  Drone  
  44  3:31  Drone  
  46  3:37  Drone  
  46  3:40  Queen  
  46  3:41  Extractor x2  
  48  3:44  Drone x2  
  48  3:48  Drone x3, Extractor  
  50  3:52  Drone  
  50  3:53  Overlord  
  52  4:01  Drone x3  
  52  4:02  Infestation Pit  
  54  4:12  Drone x2  
  56  4:17  Drone, Nydus Network  
  56  4:20  Queen  
  56  4:22  Overlord x2  
  58  4:29  Overlord  
  58  4:38  Swarm Host x3  
  61  4:44  Swarm Host  
  70  4:54  Nydus Canal  
  70  4:57  Swarm Host  
  70  4:58  Swarm Host  
  76  5:01  Overlord  
  76  5:02  Overlord  
  76  5:05  Swarm Host  
  79  5:10  Nydus Canal  
  79  5:16  Overseer  
  79  5:23  Drone, Swarm Host  
  83  5:30  Swarm Host  
  83  5:31  Hatchery  
  85  5:50  Swarm Host x3  
  85  5:55  Overlord x2  
  94  6:01  Swarm Host  
  97  6:12  Overlord x3  
  97  6:22  Swarm Host x3  
  106  6:36  Swarm Host x2  
  106  6:37  Swarm Host  
  106  6:38  Queen x2  
  118  6:46  Swarm Host  
  118  7:03  Overseer  
  118  7:07  Swarm Host x2  
  124  7:15  Swarm Host  
  124  7:17  Queen x2  
  131  7:29  Swarm Host x2  
  111  7:44  Swarm Host  
  111  7:45  Swarm Host  
  111  7:47  Drone x5  
  114  7:54  Drone x3  
  114  7:55  Drone x3  
  114  7:56  Drone x4  
  124  8:02  Swarm Host  
  127  8:15  Swarm Host x2  
  133  8:22  Nydus Canal  
  133  8:32  Swarm Host x2  
  133  8:33  Queen x3  
  143  8:46  Swarm Host  
  146  8:49  Overlord x4  
  146  9:02  Swarm Host  
Show
View Real Time Build Order
Export as new Build Order

Mez Terran 

Build Orders: Reaper Expand 

Get SALT Encoding   

  12  0:01  SCV  
  13  0:13  SCV  
  14  0:18  Supply Depot  
  14  0:25  SCV  
  15  0:39  SCV  
  15  0:41  Barracks  
  16  0:44  Refinery  
  16  0:51  SCV  
  17  1:03  SCV  
  18  1:16  SCV  
  19  1:29  Reaper, Orbital Command  
  20  1:41  Command Center  
  20  1:52  Barracks  
  20  1:57  SCV  
  21  2:01  Barracks Reactor  
  21  2:08  Barracks  
  21  2:12  SCV  
  22  2:17  Supply Depot  
  22  2:33  SCV  
  23  2:40  Marine x2  
  23  2:41  Barracks Tech Lab  
  25  2:47  SCV  
  26  2:55  Orbital Command  
  26  2:58  Marine  
  27  2:59  SCV, Marine x3  
  31  3:11  SCV  
  32  3:17  Supply Depot  
  32  3:22  SCV  
  32  3:23  Engineering Bay, SCV  
  32  3:24  Combat Shield  
  32  3:26  Marine x2  
  36  3:33  Marine x2  
  38  3:34  SCV  
  38  3:43  Bunker  
  38  3:44  SCV  
  38  3:46  SCV  
  38  3:47  Marine x2  
  42  3:55  Marauder  
  44  3:58  SCV x2  
  44  4:02  Terran Infantry Weapons Level 1  
  46  4:06  Marine x2  
  46  4:07  Marine  
  49  4:10  SCV  
  49  4:11  SCV  
  51  4:21  Marauder  
  51  4:23  SCV  
  54  4:28  Supply Depot  
  54  4:29  SCV  
  55  4:33  Marine  
  55  4:34  Marine x2  
  55  4:36  Refinery  
  55  4:38  Refinery, SCV, Command Center  
  59  4:42  SCV  
  60  4:50  SCV  
  60  4:52  Stimpack  
  60  4:54  SCV  
  60  4:57  Supply Depot  
  61  5:00  Marine  
  61  5:01  Marine x3  
  61  5:02  SCV  
  66  5:10  Factory  
  66  5:20  Marine x2  
  66  5:21  SCV x2, Marine, Marauder  
  72  5:40  Marine x3  
  75  5:46  Barracks  
  75  5:47  Barracks  
  75  5:48  SCV x2  
  77  5:53  Starport  
  77  5:54  Factory Reactor  
  76  6:02  Orbital Command  
  69  6:11  Marine x3  
  69  6:12  Marine  
  69  6:24  SCV  
  69  6:25  SCV  
  70  6:29  SCV, Marine x2  
  70  6:32  Supply Depot  
  73  6:37  SCV x2  
  75  6:46  Medivac x2  
  76  6:53  SCV x2  
  76  6:54  SCV  
  79  6:58  Refinery  
  79  6:59  Barracks Reactor  
  79  7:00  Barracks Reactor  
  79  7:05  SCV x2  
  79  7:08  Supply Depot  
  81  7:09  Marine x4  
  81  7:13  Engineering Bay x2  
  80  7:16  Armory, Medivac x2  
  82  7:27  Marine  
  77  7:42  Marine x7  
  78  7:44  Marine  
  78  7:46  Medivac  
  67  7:53  Medivac  
  62  8:00  Marine x3  
  65  8:12  Marine x5  
  69  8:18  Marine  
  69  8:21  Marine  
  69  8:24  Marine  
  69  8:30  Marine  
  66  8:35  Marine  
  66  8:38  Marine x2  
  66  8:39  Marine  
  48  9:05  Marine x4  
Tags
 
Add a new tag
Caveats
  • Supply blocks, unpowered buildings, or Contaminate may cause inaccurate times.
  • Supply counts are checked every 10 seconds.